1996 views
Uploaded 2023-08-04 01:25:43
Game version 1.36 (6115)
34:34 long 2on2 ladder game on (4)HillsbradCreek_S2
Saved by Cabeelibob
1996 views
Uploaded 2023-08-04 01:25:43
Game version 1.36 (6115)
34:34 long 2on2 ladder game on (4)HillsbradCreek_S2


67 units @ 6.3k
/ 0.9k
123 buildings @ 8.2k
/ 3.4k
Cabeelibob
(194)
(34:30) : 
| Peasant | 19 | 1425 | / | 0 |
| total: | 19 | 1425g | / | 0w |
| Scout Tower | 24 | 720 | / | 480 |
| Arcane Tower | 7 | 490 | / | 350 |
| Guard Tower | 9 | 630 | / | 450 |
| Altar of Kings | 2 | 360 | / | 100 |
| Farm | 7 | 560 | / | 140 |
| Lumber Mill | 4 | 480 | / | 0 |
| Keep | 1 | 320 | / | 210 |
| total: | 37 | 2120g | / | 720w |
| 0:19 | Altar of Kings |
| 0:21 | Farm |
| 0:22 | Peasant |
| 0:36 | Peasant |
| 0:49 | Peasant |
| 1:06 | Lumber Mill |
| 1:11 | Farm |
| 1:13 | Peasant |
| 1:18 | Peasant |
| 1:23 | Scout Tower |
| 1:32 | Peasant |
| 1:46 | Peasant |
| 1:53 | Arcane Tower |
| 1:58 | Peasant |
| 2:18 | Farm |
| 2:20 | Improved Lumber Harvesting |
| 2:54 | Storm Bolt |
| 3:18 | Scout Tower |
| 3:18 | Scout Tower |
| 3:36 | Improved Masonry |
| 3:37 | Peasant |
| 3:37 | Peasant |
| 3:37 | Peasant |
| 4:14 | Scout Tower |
| 4:19 | Scout Tower |
| 4:21 | Peasant |
| 4:21 | Peasant |
| 4:31 | Arcane Tower |
| 4:33 | Scout Tower |
| 4:36 | Scout Tower |
| 4:40 | Arcane Tower |
| 4:44 | Scout Tower |
| 5:02 | Peasant |
| 5:02 | Peasant |
| 5:06 | Guard Tower |
| 5:09 | Arcane Tower |
| 5:10 | Guard Tower |
| 5:15 | Arcane Tower |
| 5:17 | Scout Tower |
| 5:41 | Scout Tower |
| 5:43 | Scout Tower |
| 5:45 | Arcane Tower |
| 6:07 | Peasant |
| 6:07 | Peasant |
| 6:07 | Peasant |
| 6:10 | Peasant |
| 6:21 | Scout Tower |
| 6:27 | Guard Tower |
| 6:29 | Scout Tower |
| 6:31 | Scout Tower |
| 6:35 | Guard Tower |
| 6:37 | Scout Tower |
| 6:41 | Keep |
| 6:48 | Guard Tower |
| 6:50 | Scout Tower |
| 6:53 | Scout Tower |
| 6:53 | Scout Tower |
| 7:14 | Arcane Tower |
| 7:21 | Guard Tower |
| 7:25 | Scout Tower |
| 7:27 | Scout Tower |
| 7:38 | Scout Tower |
| 8:02 | Guard Tower |
| 8:03 | Scout Tower |
| 8:04 | Scout Tower |
| 8:08 | Scout Tower |
| 8:23 | Altar of Kings |
| 8:52 | Farm |
| 8:55 | Farm |
| 8:59 | Farm |
| 9:06 | Farm |
| 9:18 | Lumber Mill |
| 9:25 | Guard Tower |
| 10:00 | Guard Tower |
| 14:12 | Lumber Mill |
| 18:05 | Lumber Mill |
| Right click | 895 |
| Select group | 529 |
| Select | 288 |
| Build/train/purchase | 107 |
| Resource trade | 31 |
| Misc. action | 27 |
| Use ability | 13 |
| Assign group | 8 |
| Chat | 6 |
| Remove unit | 2 |
| Esc | 2 |
| Minimap ping | 1 |


| Potion of Healing | 1 | 150 |
| Potion of Mana | 1 | 200 |
| Scroll of Regeneration | 1 | 100 |
| Lesser Clarity Potion | 2 | 140 |
| total: | 5 | 590g |
| Peasant | 23 | 1725 | / | 0 |
| Footman | 4 | 540 | / | 0 |
| Mortar Team | 6 | 1080 | / | 420 |
| Flying Machine | 15 | 1500 | / | 450 |
| total: | 48 | 4845g | / | 870w |
| Scout Tower | 45 | 1350 | / | 900 |
| Arcane Tower | 3 | 210 | / | 150 |
| Guard Tower | 15 | 1050 | / | 750 |
| Altar of Kings | 2 | 360 | / | 100 |
| Barracks | 1 | 160 | / | 60 |
| Farm | 25 | 2000 | / | 500 |
| Town Hall | 2 | 770 | / | 410 |
| Lumber Mill | 2 | 240 | / | 0 |
| Arcane Vault | 2 | 260 | / | 60 |
| Blacksmith | 4 | 560 | / | 240 |
| Workshop | 3 | 420 | / | 420 |
| Keep | 2 | 640 | / | 420 |
| Castle | 1 | 360 | / | 210 |
| total: | 86 | 6120g | / | 2690w |
| 0:03 | Peasant |
| 0:07 | Altar of Kings |
| 0:08 | Peasant |
| 0:16 | Peasant |
| 0:19 | Barracks |
| 0:21 | Peasant |
| 0:34 | Farm |
| 0:49 | Farm |
| 1:04 | Peasant |
| 1:08 | Peasant |
| 1:20 | Footman |
| 1:29 | Farm |
| 1:41 | Peasant |
| 1:56 | Footman |
| 2:02 | Peasant |
| 2:07 | Scout Tower |
| 2:09 | Scout Tower |
| 2:18 | Storm Bolt |
| 2:24 | Peasant |
| 2:25 | Peasant |
| 3:04 | Peasant |
| 3:05 | Arcane Tower |
| 3:07 | Scout Tower |
| 3:23 | Footman |
| 3:27 | Town Hall |
| 3:29 | Scout Tower |
| 3:41 | Lumber Mill |
| 3:59 | Bash |
| 4:17 | Peasant |
| 4:17 | Peasant |
| 4:23 | Footman |
| 4:32 | Arcane Tower |
| 4:35 | Guard Tower |
| 4:38 | Scout Tower |
| 5:14 | Peasant |
| 5:15 | Peasant |
| 5:22 | Guard Tower |
| 5:23 | Improved Lumber Harvesting |
| 5:24 | Improved Masonry |
| 5:45 | Keep |
| 6:27 | Arcane Vault |
| 6:35 | Scout Tower |
| 6:37 | Scout Tower |
| 6:38 | Scout Tower |
| 6:42 | Blacksmith |
| 6:45 | Blacksmith |
| 7:55 | Guard Tower |
| 7:57 | Peasant |
| 7:57 | Peasant |
| 8:06 | Castle |
| 8:12 | Scout Tower |
| 8:21 | Scout Tower |
| 8:26 | Scout Tower |
| 8:27 | Scout Tower |
| 8:34 | Black Gunpowder |
| 8:51 | Guard Tower |
| 9:20 | Guard Tower |
| 9:22 | Scout Tower |
| 9:23 | Scout Tower |
| 9:23 | Scout Tower |
| 9:24 | Scout Tower |
| 9:27 | Workshop |
| 9:30 | Workshop |
| 9:42 | Advanced Lumber Harvesting |
| 9:52 | Guard Tower |
| 10:25 | Holy Light |
| 10:32 | Storm Bolt |
| 11:05 | Potion of Healing |
| 11:05 | Potion of Mana |
| 11:22 | Mortar Team |
| 11:43 | Fragmentation Shards |
| 11:45 | Refined Gunpowder |
| 12:25 | Mortar Team |
| 12:36 | Mortar Team |
| 12:45 | Bash |
| 12:59 | Farm |
| 13:00 | Farm |
| 13:00 | Farm |
| 13:00 | Farm |
| 13:54 | Mortar Team |
| 14:25 | Scout Tower |
| 14:26 | Scout Tower |
| 14:27 | Scout Tower |
| 14:27 | Scout Tower |
| 14:28 | Scout Tower |
| 14:28 | Scout Tower |
| 14:33 | Flak Cannons |
| 14:33 | Flying Machine Bombs |
| 14:33 | Flare |
| 14:47 | Scout Tower |
| 14:47 | Scout Tower |
| 14:48 | Scout Tower |
| 14:48 | Scout Tower |
| 14:53 | Imbued Gunpowder |
| 14:53 | Iron Plating |
| 14:57 | Guard Tower |
| 14:59 | Advanced Masonry |
| 15:02 | Guard Tower |
| 15:19 | Scout Tower |
| 15:20 | Scout Tower |
| 15:21 | Scout Tower |
| 15:23 | Guard Tower |
| 15:42 | Guard Tower |
| 15:48 | Guard Tower |
| 15:56 | Guard Tower |
| 15:57 | Guard Tower |
| 16:01 | Scout Tower |
| 16:02 | Scout Tower |
| 16:02 | Scout Tower |
| 16:06 | Peasant |
| 16:15 | Imbued Masonry |
| 16:15 | Farm |
| 16:27 | Scout Tower |
| 16:45 | Workshop |
| 16:47 | Flying Machine |
| 16:47 | Flying Machine |
| 16:47 | Flying Machine |
| 16:47 | Flying Machine |
| 16:48 | Flying Machine |
| 16:48 | Flying Machine |
| 17:50 | Guard Tower |
| 17:54 | Scout Tower |
| 17:55 | Scout Tower |
| 17:56 | Flying Machine |
| 17:56 | Flying Machine |
| 17:56 | Flying Machine |
| 17:56 | Flying Machine |
| 17:57 | Flying Machine |
| 17:57 | Flying Machine |
| 18:01 | Farm |
| 18:02 | Farm |
| 18:02 | Farm |
| 18:03 | Farm |
| 18:04 | Farm |
| 18:24 | Steel Plating |
| 18:39 | Guard Tower |
| 18:42 | Scout Tower |
| 18:42 | Scout Tower |
| 18:51 | Farm |
| 18:58 | Farm |
| 18:58 | Farm |
| 19:21 | Farm |
| 19:28 | Farm |
| 19:30 | Farm |
| 19:33 | Farm |
| 19:33 | Farm |
| 19:44 | Farm |
| 21:14 | Studded Leather Armor |
| 21:14 | Mithril Plating |
| 21:19 | Divine Shield |
| 21:22 | Flying Machine |
| 21:22 | Flying Machine |
| 21:22 | Flying Machine |
| 21:52 | Scout Tower |
| 21:53 | Scout Tower |
| 21:54 | Scout Tower |
| 21:54 | Scout Tower |
| 21:55 | Scout Tower |
| 22:01 | Arcane Vault |
| 22:09 | Lumber Mill |
| 22:51 | Mortar Team |
| 22:51 | Mortar Team |
| 23:28 | Blacksmith |
| 23:44 | Blacksmith |
| 24:04 | Scroll of Regeneration |
| 24:33 | Lesser Clarity Potion |
| 24:33 | Lesser Clarity Potion |
| 24:42 | Altar of Kings |
| 25:05 | Scout Tower |
| 25:06 | Scout Tower |
| 25:07 | Scout Tower |
| 25:52 | Farm |
| 25:55 | Farm |
| 25:58 | Arcane Tower |
| 26:39 | Farm |
| 27:57 | Town Hall |
| 30:03 | Peasant |
| 30:03 | Peasant |
| 30:03 | Peasant |
| 31:32 | Peasant |
| 31:32 | Peasant |
| 31:41 | Storm Bolt |
| 31:42 | Bash |
| 31:43 | Holy Light |
| 33:06 | Keep |
| Right click | 1950 |
| Select | 538 |
| Select group | 470 |
| Build/train/purchase | 114 |
| Use ability | 71 |
| Misc. action | 52 |
| Assign group | 27 |
| Esc | 7 |
| Resource trade | 4 |
| Remove unit | 3 |
| Minimap ping | 2 |
95 units @ 13.2k
/ 2.1k
59 buildings @ 11.4k
/ 4.4k



| Healing Salve | 6 | 600 |
| Lesser Clarity Potion | 11 | 770 |
| Scroll of Speed | 2 | 100 |
| Orb of Lightning | 1 | 375 |
| Scroll of Town Portal | 1 | 350 |
| total: | 21 | 2195g |
| Peon | 20 | 1500 | / | 0 |
| Troll Headhunter | 8 | 1120 | / | 160 |
| Spirit Walker | 1 | 195 | / | 35 |
| Demolisher | 3 | 660 | / | 150 |
| Troll Berserker | 4 | 560 | / | 80 |
| Tauren | 3 | 840 | / | 240 |
| Shaman | 4 | 520 | / | 80 |
| total: | 43 | 5395g | / | 745w |
| Watch Tower | 8 | 880 | / | 640 |
| Altar of Storms | 1 | 180 | / | 50 |
| Orc Burrow | 18 | 2880 | / | 720 |
| War Mill | 3 | 615 | / | 0 |
| Barracks | 1 | 180 | / | 50 |
| Voodoo Lounge | 2 | 260 | / | 60 |
| Great Hall | 6 | 2310 | / | 1110 |
| Tauren Totem | 1 | 135 | / | 155 |
| Spirit Lodge | 1 | 150 | / | 150 |
| Stronghold | 4 | 1260 | / | 760 |
| Fortress | 1 | 325 | / | 190 |
| total: | 41 | 7590g | / | 2935w |
| 0:03 | Peon |
| 0:03 | Peon |
| 0:06 | Altar of Storms |
| 0:09 | Orc Burrow |
| 0:24 | Peon |
| 0:24 | Peon |
| 0:50 | War Mill |
| 1:05 | Barracks |
| 1:11 | Peon |
| 1:24 | Peon |
| 1:38 | Peon |
| 1:53 | Orc Burrow |
| 2:00 | Voodoo Lounge |
| 2:04 | Peon |
| 2:08 | Feral Spirit |
| 2:20 | Troll Headhunter |
| 2:38 | Troll Headhunter |
| 3:36 | Stronghold |
| 3:47 | Troll Headhunter |
| 3:56 | Healing Salve |
| 3:56 | Lesser Clarity Potion |
| 3:56 | Scroll of Speed |
| 4:15 | Troll Headhunter |
| 4:16 | Steel Ranged Weapons |
| 4:35 | Troll Headhunter |
| 4:37 | Orc Burrow |
| 4:48 | Chain Lighting |
| 4:56 | Troll Headhunter |
| 5:19 | Steel Armor |
| 5:24 | Troll Headhunter |
| 6:25 | Healing Salve |
| 6:26 | Lesser Clarity Potion |
| 6:29 | Lesser Clarity Potion |
| 6:35 | Scroll of Town Portal |
| 7:02 | Frost Arrows |
| 8:17 | Forked Lightning |
| 8:39 | Tauren Totem |
| 8:43 | Orc Burrow |
| 8:46 | Thorium Ranged Weapons |
| 8:51 | Fortress |
| 9:30 | Feral Spirit |
| 9:48 | Spirit Lodge |
| 9:50 | Thorium Armor |
| 9:55 | Great Hall |
| 9:56 | Watch Tower |
| 11:06 | Troll Headhunter |
| 11:20 | Shaman Adept Training |
| 11:23 | Spirit Walker |
| 11:50 | Demolisher |
| 11:52 | Berserker Upgrade |
| 12:12 | Lesser Clarity Potion |
| 12:12 | Lesser Clarity Potion |
| 12:13 | Healing Salve |
| 12:13 | Orb of Lightning |
| 12:18 | Peon |
| 12:18 | Peon |
| 12:21 | Watch Tower |
| 12:53 | Peon |
| 12:53 | Peon |
| 13:47 | Watch Tower |
| 14:26 | Voodoo Lounge |
| 14:32 | Troll Berserker |
| 14:32 | Troll Berserker |
| 14:34 | Shaman Master Training |
| 14:37 | Pulverize |
| 14:37 | Tauren |
| 15:09 | Healing Salve |
| 15:14 | Lesser Clarity Potion |
| 15:14 | Lesser Clarity Potion |
| 15:16 | Scroll of Speed |
| 15:22 | Demolisher |
| 15:22 | Burning Oil |
| 15:23 | Shaman |
| 15:24 | Shaman |
| 15:47 | Lesser Clarity Potion |
| 15:53 | Demolisher |
| 15:55 | Tauren |
| 15:59 | Watch Tower |
| 16:02 | Watch Tower |
| 16:23 | Tauren |
| 16:25 | Shaman |
| 16:26 | Troll Berserker |
| 16:27 | Troll Berserker |
| 16:31 | Chain Lighting |
| 16:43 | Lesser Clarity Potion |
| 16:46 | Healing Salve |
| 17:14 | Hex |
| 18:05 | Great Hall |
| 18:23 | Great Hall |
| 18:25 | Watch Tower |
| 18:34 | Forked Lightning |
| 18:39 | Orc Burrow |
| 19:06 | Orc Burrow |
| 19:08 | Orc Burrow |
| 19:52 | Orc Burrow |
| 20:37 | Peon |
| 21:24 | Arcanite Armor |
| 21:24 | Steel Melee Weapons |
| 21:25 | Shaman |
| 21:39 | Peon |
| 21:39 | Peon |
| 22:01 | Healing Wave |
| 22:12 | Peon |
| 22:12 | Peon |
| 22:17 | Lesser Clarity Potion |
| 22:17 | Lesser Clarity Potion |
| 22:18 | Healing Salve |
| 24:30 | War Mill |
| 24:42 | Great Hall |
| 25:20 | Stronghold |
| 25:50 | Chain Lighting |
| 26:13 | Great Hall |
| 27:18 | Orc Burrow |
| 27:20 | Orc Burrow |
| 27:25 | Great Hall |
| 27:36 | Orc Burrow |
| 27:53 | Healing Wave |
| 28:08 | Orc Burrow |
| 28:27 | War Mill |
| 28:34 | Orc Burrow |
| 29:22 | Stronghold |
| 29:30 | Orc Burrow |
| 29:32 | Orc Burrow |
| 30:01 | Orc Burrow |
| 32:13 | Peon |
| 32:14 | Peon |
| 32:26 | Peon |
| 33:17 | Stronghold |
| 33:32 | Watch Tower |
| 33:49 | Orc Burrow |
| 34:12 | Watch Tower |
| 34:22 | Orc Burrow |
| Right click | 1582 |
| Select | 1364 |
| Select group | 1118 |
| Misc. action | 597 |
| Build/train/purchase | 144 |
| Use ability | 64 |
| Assign group | 58 |
| Minimap ping | 12 |
| Item give/drop | 2 |
| Remove unit | 1 |


| Potion of Healing | 2 | 300 |
| Healing Salve | 1 | 100 |
| Scroll of Speed | 1 | 50 |
| total: | 4 | 450g |
| Peon | 13 | 975 | / | 0 |
| Troll Headhunter | 22 | 3080 | / | 440 |
| Shaman | 2 | 260 | / | 40 |
| Tauren | 9 | 2520 | / | 720 |
| Troll Berserker | 4 | 560 | / | 80 |
| Demolisher | 2 | 440 | / | 100 |
| total: | 52 | 7835g | / | 1380w |
| Altar of Storms | 1 | 180 | / | 50 |
| Orc Burrow | 7 | 1120 | / | 280 |
| War Mill | 2 | 410 | / | 0 |
| Barracks | 1 | 180 | / | 50 |
| Voodoo Lounge | 1 | 130 | / | 30 |
| Great Hall | 4 | 1540 | / | 740 |
| Spirit Lodge | 1 | 150 | / | 150 |
| Tauren Totem | 1 | 135 | / | 155 |
| Stronghold | 1 | 315 | / | 190 |
| Fortress | 1 | 325 | / | 190 |
| total: | 18 | 3845g | / | 1455w |
| 0:06 | Peon |
| 0:06 | Peon |
| 0:20 | Altar of Storms |
| 0:26 | Orc Burrow |
| 0:28 | Peon |
| 0:45 | Peon |
| 0:58 | War Mill |
| 1:02 | Peon |
| 1:23 | Barracks |
| 1:31 | Peon |
| 1:32 | Peon |
| 2:25 | Troll Headhunter |
| 2:25 | Troll Headhunter |
| 2:31 | Feral Spirit |
| 2:57 | Troll Headhunter |
| 2:59 | Stronghold |
| 3:06 | Orc Burrow |
| 3:39 | Troll Headhunter |
| 3:45 | Steel Ranged Weapons |
| 4:17 | Chain Lighting |
| 4:22 | Troll Headhunter |
| 4:27 | Spiked Barricades |
| 4:35 | Orc Burrow |
| 5:33 | Spirit Lodge |
| 5:39 | Peon |
| 5:39 | Peon |
| 5:42 | Thorium Ranged Weapons |
| 5:49 | Troll Headhunter |
| 5:49 | Troll Headhunter |
| 6:29 | Voodoo Lounge |
| 6:33 | War Stomp |
| 7:14 | Troll Headhunter |
| 7:15 | Troll Regeneration |
| 7:18 | Fortress |
| 8:58 | Orc Burrow |
| 9:01 | Orc Burrow |
| 9:19 | Improved Spiked Barricades |
| 10:41 | Chain Lighting |
| 10:48 | Troll Headhunter |
| 10:48 | Troll Headhunter |
| 10:48 | Troll Headhunter |
| 10:48 | Troll Headhunter |
| 10:49 | Troll Headhunter |
| 10:49 | Troll Headhunter |
| 11:35 | Troll Headhunter |
| 11:35 | Troll Headhunter |
| 11:42 | Tauren Totem |
| 11:45 | Shaman |
| 11:45 | Shaman |
| 12:51 | Troll Headhunter |
| 12:52 | Troll Headhunter |
| 12:52 | Troll Headhunter |
| 14:24 | Troll Headhunter |
| 14:24 | Troll Headhunter |
| 14:25 | Troll Headhunter |
| 14:47 | Tauren |
| 14:47 | Tauren |
| 14:47 | Tauren |
| 14:50 | Tauren |
| 15:19 | Potion of Healing |
| 15:19 | Potion of Healing |
| 15:20 | Healing Salve |
| 15:22 | Scroll of Speed |
| 16:05 | Berserker Upgrade |
| 16:09 | Arcanite Ranged Weapons |
| 16:56 | Orc Burrow |
| 17:00 | Orc Burrow |
| 17:07 | Shaman Adept Training |
| 18:21 | Shockwave |
| 18:36 | Troll Berserker |
| 18:36 | Troll Berserker |
| 18:59 | Great Hall |
| 19:30 | Great Hall |
| 19:45 | Tauren |
| 19:46 | Tauren |
| 19:46 | Tauren |
| 20:42 | Troll Berserker |
| 20:42 | Troll Berserker |
| 21:23 | Demolisher |
| 21:23 | Demolisher |
| 22:16 | Great Hall |
| 23:34 | Tauren |
| 23:34 | Tauren |
| 23:44 | Peon |
| 23:44 | Peon |
| 23:44 | Peon |
| 23:44 | Peon |
| 25:44 | War Mill |
| 28:46 | Great Hall |
| Right click | 1007 |
| Select | 233 |
| Select group | 133 |
| Build/train/purchase | 86 |
| Assign group | 29 |
| Misc. action | 10 |
| Minimap ping | 7 |
| Use ability | 6 |
| Remove unit | 1 |
⇛